 Dungeon Crawl Stone Soup version 0.31-a0-446-g07c4bd200f (webtiles) character file.

Game seed: 12076644373575384033

5 Ethylacetat the Insei (level 1, 0/11 HPs)
             Began as a Vine Stalker Monk on Aug 3, 2023.
             Slain by a giant cockroach (2 damage)
             ... on level 1 of the Dungeon.
             The game lasted 00:00:46 (144 turns).

Ethylacetat the Insei (Vine Stalker Monk)            Turns: 144, Time: 00:00:47

Health: 0/11       AC:  2    Str: 13    XL:     1   Next: 80%
Magic:  0/3        EV: 12    Int: 10    God:
Gold:   38         SH:  0    Dex: 16    Spells: 1/1 levels left

rFire   . .          .
                       - Unarmed
rCold   . . .        c - orb {light}
rNeg    . . .        a - +0 robe
rPois   .            (no helmet)
rElec   .            (no cloak)
rCorr   .            (no gloves)
SInv    .            (no boots)
Will    .....        (no amulet)
Stlth   +            (no ring)
HPRegen 0.21/turn    (no ring)
MPRegen 0.08/turn

%: guardian spirit
@: glowing
A: fangs 2, magic shield, antimagic bite, no potion heal 2
a: no special abilities


You were on level 1 of the Dungeon.
You visited 1 branch of the dungeon, and saw 1 of its levels.

You collected 38 gold pieces.

Inventory:

Armour
 a - a +0 robe (worn)
 c - an orb of light (worn)
 e - a +0 buckler
Scrolls
 d - a scroll of blinking {unknown}
Potions
 b - a potion of ambrosia


   Skills:
 + Level 2.9 Fighting
 - Level 2.4 Dodging
 - Level 3.0 Unarmed Combat
 + Level 0.8 Spellcasting


You had one spell level left.
You didn't know any spells.
Your spell library was empty.

Dungeon Overview and Level Annotations

Branches:
Dungeon (1/15)

Altars:


Innate Abilities, Weirdness & Mutations

You have extremely sharp teeth.
When hurt, damage is shared between your health and your magic reserves.
Your bite disrupts and absorbs the magic of your enemies.
Potions cannot restore your health.


Message History

The kobold throws a stone.
The stone closely misses you.
Found 10 gold pieces.
The kobold shouts!
The kobold barely misses you.
You hit the kobold.
The kobold is heavily wounded.
The kobold hits you with a +0 dagger of speed.
The kobold hits you with a +0 short sword.
The kobold hits you with a +0 dagger of speed.
You barely miss the kobold.
The kobold is heavily wounded.
The kobold closely misses you. The kobold barely misses you.
You hit the kobold. You bite the kobold.
You kill the kobold!
The kobold hits you but does no damage. The giant cockroach bites you.
You hit the kobold but do no damage.
The kobold hits you with a +0 short sword.
The giant cockroach barely misses you.
You are too injured to fight recklessly!
You are too injured to fight recklessly!
You are too injured to fight recklessly!
You are too injured to fight recklessly!
You hit the kobold.
The kobold is severely wounded.
The kobold hits you but does no damage.
A dart slug comes into view.
The giant cockroach closely misses you.
You barely miss the kobold. You bite the kobold, but do no damage.
The kobold is severely wounded.
The giant cockroach bites you but does no damage.
The kobold misses you.
You barely miss the kobold.
The kobold is severely wounded.
The giant cockroach bites you but does no damage.
The kobold hits you with a +0 short sword.
* * * LOW HITPOINT WARNING * * *
The giant cockroach bites you but does no damage.
The giant cockroach attacks as you move away!
The giant cockroach bites you.
You die...

#.....#.......#
#.#.##.###.####
#.#.##.)†.....#
# #.##..#####.#
##.#.##..# #
.........#
#...###..# #
.........#####.#
....####..@K.w.#
.# ##.#B#...#
#.#.)....#
#.#......$.
..#......##
##......##
#.##.## ... .#
### ##


You could see a dart slug, a giant cockroach and a kobold.

Vanquished Creatures
  An endoplasm (D:1)
  A hobgoblin (D:1)
  A kobold (D:1)
  A ball python (D:1)
  A frilled lizard (D:1)
5 creatures vanquished.

Notes
Turn   | Place    | Note
-------+----------+-------------------------------------------
     0 | D:1      | Ethylacetat the Vine Stalker Monk began the quest for the
                  | Orb.
     0 | D:1      | Reached XP level 1. HP: 11/11 MP: 2/2
   144 | D:1      | Slain by a giant cockroach

Illustrated notes

Levels and vault maps discovered:
D:1:      nzn_arrival_depleted_hourglass, layout_loops_ring

Action                     || total
---------------------------++-------
  Melee: Unarmed           ||    12
         Bite              ||     2
 Armour: Robe              ||     5
  Dodge: Dodged            ||     8

Table legend: (Time is in decaauts)
 A = Elapsed time spent in this place.
 B = Non-inter-level travel time spent in this place.
 C = Inter-level travel time spent in this place.
 D = Time resting spent in this place.
 E = Time spent auto-exploring this place.
 F = Levels seen in this place.
 G = Mean time per level.
                   A        B        C        D        E       F      G
               +--------+--------+--------+--------+--------+-----+--------+
         Total |    143 |    143 |      0 |      0 |     99 |   1 |  143.0 |
       Dungeon |    143 |    143 |      0 |      0 |     99 |   1 |  143.0 |
               +--------+--------+--------+--------+--------+-----+--------+

Top non-repeatable levels by time:
     D:1: 143 daAuts
